 Dungeon Crawl Stone Soup version 0.30-a0-219-gf2db51d15e (webtiles) character file.

Game seed: 2054110863924266243

427648 Morbidden the Thaumaturge (level 23, 0/118 HPs)
             Began as a Vine Stalker Conjurer on Oct 6, 2022.
             Was a High Priest of Cheibriados.
             Slain by a vampire knight
             ... wielding a +0 glaive
              (25 damage)
             ... on level 3 of the Crypt.
             The game lasted 01:52:27 (48178 turns).

Morbidden the Thaumaturge (Vine Stalker Conjurer)  Turns: 48178, Time: 01:52:27

Health: 0/118      AC: 15    Str: 22    XL:     23   Next: 84%
Magic:  0/42       EV: 21    Int: 43    God:    Cheibriados [*****.]
Gold:   3113       SH: 26    Dex: 28    Spells: 19/50 levels left

rFire   . . .      SeeInvis .    b - +8 autumn katana {vorpal, manifold assault}
rCold   . . .      Faith    .    u - +4 tower shield {reflect}
rNeg    . . .      Spirit   +    A - +1 robe of Vines {NoPotionHeal Regen++++}
rPois   +          Reflect  +    m - +1 helmet {Int+3}
rElec   .          Harm     .    z - +1 cloak {rPois}
rCorr   .          Rampage  .    L - +1 pair of gloves {infuse}
Will    ++...                    x - +1 pair of boots {Stlth+}
Stlth   +++++++...               K - amulet of magic regeneration
HPRegen 4.39/turn                O - +4 ring of slaying
MPRegen 0.68/turn                Z - +4 ring of protection

@: very slightly contaminated, very slow
A: fangs 3, regeneration 1, magic shield, antimagic bite, no potion heal 2,
hooves 1, clever 1, deformed body
}: 2/15 runes: decaying, serpentine
a: Renounce Religion, Bend Time, Temporal Distortion, Slouch, Step From Time


You were on level 3 of the Crypt.
You worshipped Cheibriados.
Cheibriados was extremely pleased with you.
You visited 9 branches of the dungeon, and saw 41 of its levels.
You visited the Abyss 1 time.
You visited 1 bazaar.
You also visited: Gauntlet, Ice Cave and Desolation.

You collected 6685 gold pieces.
You spent 3572 gold pieces at shops.

Inventory:

Hand Weapons
 a - the +7 long sword of Doxkit Ogus {flame, Str+3 Dex+2 Stlth+}
   (You found it in a Gauntlet)

   It burns those it strikes, dealing additional fire damage.
   Big, fiery blades are also staple armaments of hydra-hunters.
   Str:       It affects your strength (+3).
   Dex:       It affects your dexterity (+2).
   Stlth:     It makes you more stealthy.
 b - the +8 autumn katana (weapon) {vorpal, manifold assault}
   (You took it off a deep elf zephyrmancer on level 3 of the Elven Halls)

   It sometimes launches melee attacks against multiple visible enemies.
Missiles
 B - a throwing net
 I - 16 curare-tipped darts
Armour
 m - a +1 helmet of intelligence (worn)
 u - a +4 tower shield of reflection (worn)
 x - a +1 pair of boots of stealth (worn)
 z - a +1 cloak of poison resistance (worn)
 A - the +1 robe of Vines (worn) {NoPotionHeal Regen++++}
   (You bought it in a shop on level 10 of the Dungeon)

   Its wearer cannot be healed by potions.
   Regen:     It increases your rate of health regeneration.
 L - a +1 pair of gloves of infusion (worn)
 S - a +3 tower shield of cold resistance
Jewellery
 o - a +4 ring of slaying
 s - the ring "Teiseck" {rPois rC+ SInv}
   (You found it in the Desolation of Salt)

   [ring of poison resistance]

   rC:        It protects you from cold.
   rPois:     It protects you from poison.
   SInv:      It lets you see invisible.
 E - the ring "Pesista" {rElec rPois rF+ rC+ Str-5}
   (You took it off a deep elf zephyrmancer on level 3 of the Elven Halls)

   [ring of protection from cold]

   Str:       It affects your strength (-5).
   rF:        It protects you from fire.
   rC:        It protects you from cold.
   rElec:     It insulates you from electricity.
   rPois:     It protects you from poison.
 F - the ring of the Hero {rElec rC+}
   (You found it on level 3 of the Elven Halls)

   [ring of protection from cold]

   rC:        It protects you from cold.
   rElec:     It insulates you from electricity.
 K - an amulet of magic regeneration (around neck)
 O - a +4 ring of slaying (left hand)
 T - a ring of protection from cold
 V - a +4 ring of evasion
 Z - a +4 ring of protection (right hand)
Wands
 c - a wand of acid (38)
 l - a wand of paralysis (20)
 p - a wand of flame (26)
 w - a wand of digging (19)
 C - a wand of iceblast (34)
 Q - a wand of mindburst (29) (quivered)
Scrolls
 j - 9 scrolls of teleportation
 k - 7 scrolls of poison
 n - a scroll of magic mapping
 r - 8 scrolls of amnesia
 t - 8 scrolls of immolation
 G - a scroll of blinking
 P - 8 scrolls of fog
 X - 7 scrolls of fear
Potions
 e - 4 potions of ambrosia
 f - 10 potions of heal wounds
 g - 18 potions of curing
 h - 16 potions of flight
 q - 6 potions of brilliance
 y - a potion of magic
 D - 3 potions of cancellation
 H - 2 potions of invisibility
 J - 4 potions of mutation
 M - 5 potions of lignification
 N - 3 potions of resistance
 U - 11 potions of might
 W - 3 potions of berserk rage
Miscellaneous
 d - a condenser vane
 i - a lightning rod (4/4)
 R - a box of beasts


   Skills:
 * Level 11.5 Fighting
 + Level 9.0(12.0) Short Blades
 * Level 12.5(13.7) Long Blades
 + Level 0.1 Throwing
 + Level 4.3 Armour
 * Level 11.0 Dodging
 + Level 13.1 Stealth
 * Level 13.4 Shields
 + Level 0.4 Unarmed Combat
 * Level 14.3 Spellcasting
 * Level 14.1 Conjurations
 * Level 11.3 Translocations
 * Level 11.6 Transmutations
 * Level 11.3 Fire Magic
 * Level 2.8 Air Magic
 * Level 11.2 Invocations
 * Level 10.1 Evocations


You had 19 spell levels left.
You knew the following spells:

 Your Spells              Type           Power      Damage    Failure   Level
a - Orb of Destruction    Conj           50%        9d13      10%         7
b - Airstrike             Air            26%        2d(4-20)  12%         4
c - Sticky Flame          Conj/Fire      96%        2d11      1%          4
d - Magic Dart            Conj           100%       1d8       0%          1
e - Searing Ray           Conj           100%       2d8       1%          2
s - Manifold Assault      Tloc           91%        N/A       1%          4
x - Irradiate             Conj/Tmut      48%        3d27      1%          5
z - Iskenderun's Mystic   Conj/Tloc      96%        2d19      1%          4

Your spell library contained the following spells:

 Spells                   Type           Power      Damage    Failure   Level
 Shock                    Conj/Air       100%       1d9       1%          1
 Blink                    Tloc           100%       N/A       1%          2
 Momentum Strike          Conj/Tloc      100%       3d10      1%          2
 Passwall                 Tmut/Erth      57%        N/A       1%          2
 Wereblood                Tmut           92%        N/A       1%          2
 Dazzling Flash           Conj/Hex       100%       N/A       1%          3
 Gell's Gravitas          Tloc           91%        N/A       1%          3
 Hailstorm                Conj/Ice       75%        3d15      1%          3
 Ignite Poison            Fire/Tmut/Pois 77%        N/A       1%          3
 Inner Flame              Hex/Fire       68%        N/A       1%          3
 Kindle Blastsparks       Fire/Tloc/Air  100%       2d18      1%          3
 Lesser Beckoning         Tloc           100%       N/A       1%          3
 Portal Projectile        Hex/Tloc       100%       N/A       1%          3
 Spider Form              Tmut/Pois      69%        N/A       1%          3
 Stone Arrow              Conj/Erth      100%       3d13      1%          3
 Teleport Other           Tloc           91%        N/A       1%          3
 Fulminant Prism          Conj/Hex       37%        3d18      1%          4
 Fireball                 Conj/Fire      48%        3d19      1%          5
 Iskenderun's Battlesphe  Conj           100%       2d15      1%          5
 Swiftness                Air            53%        N/A       3%          3
 Petrify                  Tmut/Erth      69%        N/A       3%          4
 Arcjolt                  Conj/Air       40%        1d50      3%          5
 Starburst                Conj/Fire      48%        6d13      3%          6
 Freeze                   Ice            100%       1d11      4%          1
 Necrotise                Necr           100%       1d9       4%          1
 Cigotuvi's Dreadful Rot  Necr/Pois/Air  76%        N/A       4%          2
 Dispersal                Tloc           45%        N/A       5%          6
 Ensorcelled Hibernation  Hex/Ice        60%        N/A       6%          2
 Sublimation of Blood     Necr           30%        N/A       6%          2
 Yara's Violent Unravell  Hex/Tmut       34%        3d14      10%         5
 Summon Forest            Summ/Tloc      34%        N/A       11%         5
 Call Canine Familiar     Summ           30%        N/A       12%         3
 Frozen Ramparts          Ice            60%        1d10      12%         3
 Ozocubu's Armour         Ice            30%        N/A       12%         3
 Vampiric Draining        Necr           30%        2d8       12%         3
 Conjure Ball Lightning   Conj/Air       40%        3x3d13    19%         6
 Anguish                  Hex/Necr       15%        N/A       36%         4
 Animate Armour           Summ/Erth      60%        N/A       36%         4
 Animate Dead             Necr           30%        N/A       36%         4
 Leda's Liquefaction      Hex/Erth       15%        N/A       36%         4
 Agony                    Necr           30%        N/A       73%         5
 Lee's Rapid Deconstruct  Erth           15%        3d11*     73%         5
 Metabolic Englaciation   Hex/Ice        15%        N/A       73%         5
 Summon Mana Viper        Hex/Summ       30%        N/A       73%         5
 Storm Form               Tmut/Air       37%        N/A       86%         7
 Ignition                 Fire           45%        3d13      94%         8
 Simulacrum               Ice/Necr       15%        N/A       99%         6
 Summon Cactus Giant      Summ           15%        N/A       99%         6
 Enfeeble                 Hex            15%        N/A       100%        7
 Monstrous Menagerie      Summ           15%        N/A       100%        7
 Summon Hydra             Summ           15%        N/A       100%        7
 Borgnjor's Revivificati  Necr           15%        N/A       100%        8
 Infestation              Necr           15%        N/A       100%        8
 Lehudib's Crystal Spear  Conj/Erth      37%        10d9      100%        8
 Chain Lightning          Conj/Air       40%        3d54      100%        9
 Fire Storm               Conj/Fire      48%        8d12      100%        9
 Shatter                  Erth           15%        3d15*     100%        9


Dungeon Overview and Level Annotations

Branches:
Dungeon (15/15)            Temple (1/1) D:6            Lair (5/5) D:11
  Swamp (4/4) Lair:3        Snake (4/4) Lair:3        Slime (0/5) Lair:5
    Orc (2/2) D:12            Elf (3/3) Orc:2        Vaults (4/5) D:14
  Crypt (3/3) Vaults:3     Depths (0/4) D:15          IceCv (visited)
Desolation (visited)      Gauntlet (visited)
   Tomb: Crypt:3

Altars:
Ashenzari
Cheibriados
Dithmenos
Elyvilon
Fedhas
Gozag
Hepliaklqana
Kikubaaqudgha
Makhleb
Nemelex Xobeh
Okawaru
Qazlal
Ru
Sif Muna
Trog
Uskayaw
Vehumet
Wu Jian
Xom
Yredelemnul
Zin
The Shining One
Jiyva

Shops:
D:3 =   D:10 :[   D:15 *   Orc:1 **   Orc:2 =*([   Elf:2 *   Snake:4 *

Portals:
Trove: Vaults:1 (give 15 scrolls of teleportation)

Annotations:
D:12 3 runed translucent doors, Aibolit's ghost, journeyman HOFi
Lair:2 2 transporters, Zysykay's ghost, journeyman OpGl


Innate Abilities, Weirdness & Mutations

You have razor-sharp teeth.
Your natural rate of healing is unusually fast.
When hurt, damage is shared between your health and your magic reserves.
Your bite disrupts and absorbs the magic of your enemies.
Potions cannot restore your health.
You have large cloven feet.
Your mind is acute. (Int +4, Str/Dex -1)
Armour fits poorly on your strangely shaped body.


Message History

Something hits you but does no damage.
Unknown command.
You slash the phantasmal warrior!
The phantasmal warrior is almost destroyed.
Something hits you!!
* * * LOW HITPOINT WARNING * * *
You block the phantasmal warrior's attack.
Unknown command.
Unknown command.
Casting: Irradiate (mildly dangerous; 1% risk of failure)
Confirm with . or Enter, or press ? or * to list all spells.
You don't have enough magic to cast this spell.
Unknown command.
Unknown command.
Casting: Irradiate (mildly dangerous; 1% risk of failure)
Confirm with . or Enter, or press ? or * to list all spells.
You erupt in a blast of force!
The mystic blast hits something!
The mystic blast hits the phantasmal warrior!
You destroy the phantasmal warrior!
Cheibriados appreciates the change of pace.
You hear a shout! x4
Unknown command.
Something hits you.
* * * LOW HITPOINT WARNING * * *
Something hits you.
* * * LOW HITPOINT WARNING * * *
You hear some strange, mumbled words.
Items here: ))) [.
Unknown command.
Unknown command.
Something hits you!
* * * LOW HITPOINT WARNING * * *
Unknown command.
You block something's attack. x2
Something hits you!!
* * * LOW HITPOINT WARNING * * *
Something hits you.
* * * LOW HITPOINT WARNING * * *
Something hits you!!
You die...

##
#.⌠.'.........##
.#
#...)#########.#
.###...##
...####.#######.
..#....#
.........)......
......##
..^####.######..
<.⌠...#
#...........
......#
######...######..
..#....#
.................
.###...#
.......@.###...##
.#
....#..#......#
.# ## .⌠.+
#.###..########..
# ...# #.
#...)))...... #
#)..)##'''''#
#...### .....
#.....## ....
#.#..)# ...
......## ##


There were no monsters in sight!

Vanquished Creatures
  Sojobo (Crypt:1)
  Saint Roka (Crypt:2)
  A curse toe (Crypt:3)
  Jory (Vaults:4)
  A bone dragon (Swamp:4)
  Rupert (D:14)
  A shard shrike zombie (Crypt:2)
  Jorgrun (Snake:2)
  2 tentacled monstrosities
  2 deep elf blademasters (Elf:3)
  Asterion (Snake:3)
  A lich (Crypt:3)
  2 deep elf master archers (Elf:3)
  A tentacled starspawn (Abyss:2)
  An ancient champion (Crypt:3)
  2 quicksilver dragons (Snake:4)
  Frances (Swamp:1)
  4 sphinxes
  2 thorn hunters
  2 revenants
  2 tengu reavers (Crypt:1)
  Donald (Swamp:1)
  6 nagarajas
  A fenstrider witch (Swamp:4)
  7 deep elf sorcerers
  A fire giant (Vaults:1)
  8 vault wardens
  8 ghouls
  An imperial myrmidon (Desolation)
  A caustic shrike zombie (Crypt:3)
  5 orc warlords
  A draconian annihilator (Abyss:2)
  15 ironbound preservers
  2 angels (Vaults:1)
  3 curse skulls
  A juggernaut skeleton (Crypt:3)
  2 reapers
  4 deep elf elementalists (Elf:3)
  7 very ugly things
  A caustic shrike skeleton (Crypt:1)
  13 ironbound thunderhulks
  6 eleionomae
  2 vampire knights
  A minotaur (Gauntlet)
  Nessos (D:12)
  7 deep elf annihilators (Elf:3)
  7 deep elf demonologists (Elf:3)
  A rockslime zombie (Crypt:1)
  9 bunyips
  8 dire elephants
  3 eidola
  9 deep elf death magi
  2 halazid warlocks (Desolation)
  An ettin (Orc:2)
  3 crystal guardians (Desolation)
  Snorg (D:12)
  Fannar (D:12)
  4 deep elf high priests (Elf:3)
  4 entropy weavers
  3 jiangshi
  Josephine (D:12)
  10 yaktaur captains
  3 ragged hierophants (Desolation)
  5 great orbs of eyes
  6 servants of whispers (Desolation)
  11 hydras
  8 vault guards (Vaults:2)
  Erolcha (D:13)
  A spriggan skeleton (Crypt:3)
  8 ironbound frosthearts
  A catoblepas (Lair:2)
  6 centaur warriors
  4 salamander tyrants (Snake:4)
  2 ghost crabs (Swamp:4)
  A spriggan air mage (Swamp:2)
  4 alligators
  5 two-headed ogres
  2 boulder beetles
  2 death knights
  4 peacekeepers (Desolation)
  28 dancing weapons
  A merfolk avatar (Lair:5)
  12 anacondas
  5 death yaks
  18 naga warriors
  4 vampire magi
  2 orc high priests (Orc:1)
  An Orb Guardian skeleton (Crypt:2)
  2 death scarabs (Gauntlet)
  3 tengu warriors
  2 spriggan berserkers (Swamp:4)
  8 shock serpents
  A thrashing horror (Abyss:2)
  17 deep elf knights
  19 naga sharpshooters
  Nergalle (D:11)
  Sonja (Orc:2)
  2 soul eaters
  3 wretched stars (Abyss:2)
  A fire crab (Gauntlet)
  A shadow wraith (Crypt:3)
  4 salamander mystics
  2 titan skeletons (Crypt:1)
  6 goliath frogs
  28 skeletal warriors
  2 sea snakes
  Amaemon (D:8)
  2 spriggan druids
  8 naga ritualists
  A shadow demon (Abyss:2)
  42 deep trolls
  2 flayed ghosts (Crypt:2)
  A death drake (Swamp:4)
  13 deep elf archers
  5 spectral hydras
  6 swamp dragons
  A glowing orange brain (D:15)
  An anaconda skeleton (Crypt:2)
  10 bog bodies
  10 wizards
  12 lindwurms
  13 orc knights
  11 phantasmal warriors
  6 harpies
  2 necromancers
  40 deep elf zephyrmancers
  15 ironbound convokers
  13 mana vipers
  27 deep elf pyromancers
  24 ugly things
  2 cyclopes
  4 orc sorcerers
  2 will-o-the-wisps (Swamp:3)
  A manticore (D:12)
  15 salamanders
  6 elephants (Lair:2)
  A stone giant skeleton (Crypt:1)
  A guardian serpent (shapeshifter) (D:13)
  Joseph (D:9)
  15 naga magi
  16 vault sentinels
  A smoke demon (Abyss:2)
  26 black mambas
  A molten gargoyle (Desolation)
  10 guardian serpents
  A gargoyle (D:11)
  A torpor snail (Lair:5)
  13 cane toads
  5 rime drakes
  An efreet (D:15)
  3 orange demons
  A white draconian zombie (Crypt:1)
  32 yaktaurs
  A minotaur zombie (Gauntlet)
  An unseen horror (D:13)
  2 freezing wraiths
  2 kobold demonologists
  An ice devil (IceCv)
  An anaconda simulacrum (IceCv)
  2 hellwings (Abyss:2)
  12 komodo dragons
  An alligator snapping turtle skeleton (Crypt:3)
  4 guardian mummies (Crypt:3)
  2 ancient zymes (Abyss:2)
  A death yak skeleton (Crypt:2)
  A sea snake skeleton (Crypt:2)
  2 wind drakes (Lair:5)
  12 trolls
  8 polar bears
  7 hydra zombies
  3 harpy skeletons (Crypt:3)
  11 hornets
  15 tyrant leeches
  4 raiju (Abyss:2)
  A snapping turtle (Lair:5)
  40 slime creatures
  41 saltlings (Desolation)
  21 blink frogs
  3 spectral swamp dragons (Swamp:4)
  Sigmund (D:6)
  An ettin zombie (Crypt:2)
  5 dream sheep (Lair:5)
  7 alligator zombies
  2 spectral black mambas (Gauntlet)
  9 water elementals
  2 air elementals
  A culicivora (Vaults:1)
  3 flying skulls (Crypt:1)
  A centaur simulacrum (D:15)
  A vampire (D:9)
  8 spriggans
  A shadow (D:12)
  12 wraiths
  50 yaks
  A culicivora (shapeshifter) (D:15)
  2 wyverns
  3 dire elephant simulacra (IceCv)
  3 basilisks
  6 large abominations (Abyss:2)
  3 neqoxecs (Abyss:2)
  16 humans (D:14)
  5 redbacks
  4 fire bats (Gauntlet)
  A black mamba skeleton (Crypt:1)
  2 fire elementals
  3 steam dragons
  A chaos spawn (Abyss:2)
  15 swamp worms
  3 death yak simulacra (IceCv)
  Edmund (D:4)
  15 vampire mosquitoes
  49 nagas
  5 wargs
  4 small abominations (Abyss:2)
  A spectral cane toad (Gauntlet)
  A hydra simulacrum (IceCv)
  A two-headed ogre skeleton (Crypt:3)
  13 water moccasins
  A faun skeleton (Crypt:3)
  Duvessa (D:4)
  4 hell hounds
  2 swamp drakes
  36 orc warriors
  3 sky beasts
  A black bear (D:7)
  4 ice beasts
  4 ogres
  5 swamp dragon zombies
  A manticore zombie (Crypt:2)
  2 boggarts (Vaults:3)
  3 centaurs
  6 phantoms
  A dream sheep skeleton (Crypt:1)
  3 gnoll sergeants
  3 kobold brigands
  10 bullfrogs
  3 necrophages (Crypt:2)
  4 two-headed ogre simulacra (IceCv)
  4 cane toad simulacra (IceCv)
  2 earth elementals (Elf:2)
  5 scorpions
  2 wights (D:10)
  Dowan (D:4)
  A shapeshifter zombie (Crypt:1)
  3 elephant simulacra (IceCv)
  12 killer bees
  A troll zombie (Crypt:2)
  5 howler monkeys
  10 electric eels
  7 starcursed masses
  A hound (D:5)
  Crazy Yiuf (D:4)
  22 orc priests
  2 jellies (D:6)
  2 gnoll boudas
  A hell rat (D:11)
  5 iguanas
  23 orc wizards
  A scorpion zombie (Crypt:1)
  A polar bear simulacrum (IceCv)
  5 spriggan simulacra (IceCv)
  8 troll simulacra (IceCv)
  A spectral swamp drake (Swamp:4)
  A wolf simulacrum (IceCv)
  24 gnolls
  8 adders
  6 naga simulacra (IceCv)
  A shadow imp (D:8)
  8 white imps
  7 ufetubi
  An adder zombie (Crypt:3)
  An iguana skeleton (Crypt:1)
  A dart slug (D:5)
  58 orcs
  7 ball pythons
  5 bat zombies
  10 endoplasms
  A giant cockroach (D:1)
  5 goblins
  10 hobgoblins
  5 jackals
  19 kobolds
  3 quokkas
  5 bats
  A frilled lizard (D:2)
  A goblin zombie (Crypt:1)
  5 rats
  A briar patch (Swamp:4)
  A starspawn tentacle (Abyss:2)
1755 creatures vanquished.

Vanquished Creatures (collateral kills)
  A deep elf sorcerer (Elf:3)
  A deep elf elementalist (Elf:3)
  An ice statue (IceCv)
  3 howler monkeys (D:7)
  A gnoll (D:7)
7 creatures vanquished.

Vanquished Creatures (others)
  A deep elf knight (Elf:1)
  A deep elf pyromancer (Elf:1)
  A tyrant leech (Swamp:3)
  4 bloated husks
  A hornet (Swamp:1)
  A naga (Snake:3)
  A boggart (Vaults:3)
  3 phantoms (Swamp:4)
  3 bushes (Lair:5)
  8 foxfires (Swamp:3)
  40 fungi
  85 plants
  2 starspawn tentacles (Abyss:2)
151 creatures vanquished.

Grand Total: 1913 creatures vanquished

Notes
Turn   | Place    | Note
-------+----------+-------------------------------------------
     0 | D:1      | Morbidden the Vine Stalker Conjurer began the quest for the
                  | Orb.
     0 | D:1      | Reached XP level 1. HP: 9/9 MP: 4/4
   195 | D:1      | Reached XP level 2. HP: 14/14 MP: 1/6
   252 | D:1      | Found a faded altar of an unknown god.
   345 | D:1      | Learned a level 2 spell: Searing Ray
   792 | D:1      | Reached XP level 3. HP: 17/17 MP: 2/7
  1760 | D:3      | Gained mutation: Your natural rate of healing is unusually
                  | fast. [Vine Stalker growth]
  1760 | D:3      | Reached XP level 4. HP: 21/21 MP: 4/8
  2316 | D:3      | Found Reel's Jewellery Shoppe.
  2510 | D:4      | Noticed Dowan
  2513 | D:4      | Noticed Duvessa
  2551 | D:4      | Reached skill level 1 in Short Blades
  2553 | D:4      | Noticed a scorpion
  2558 | D:3      | Reached skill level 1 in Fighting
  2562 | D:3      | Reached XP level 5. HP: 18/25 MP: 0/10
  2649 | D:4      | Reached skill level 5 in Conjurations
  2891 | D:4      | Noticed a phantom
  2898 | D:4      | Killed a phantom
  2899 | D:4      | Reached skill level 1 in Armour
  2899 | D:4      | Reached XP level 6. HP: 29/30 MP: 6/11
  3052 | D:4      | Killed Duvessa
  3158 | D:4      | Identified the +0 ring mail of the Tick {*Corrode rPois
                  | Str+4}
  3185 | D:3      | Learned a level 4 spell: Iskenderun's Mystic Blast
  3202 | D:4      | Killed Dowan
  3203 | D:4      | Reached XP level 7. HP: 28/34 MP: 2/13
  3485 | D:4      | Noticed Edmund
  3503 | D:4      | Killed Edmund
  3504 | D:4      | Reached skill level 1 in Translocations
  3938 | D:4      | Found a runed translucent door.
  4338 | D:4      | Noticed Crazy Yiuf
  4556 | D:5      | Entered Level 5 of the Dungeon
  4820 | D:5      | Gained mutation: You have razor-sharp teeth. [Vine Stalker
                  | growth]
  4820 | D:5      | Reached XP level 8. HP: 19/39 MP: 3/15
  6119 | D:6      | Reached skill level 5 in Spellcasting
  6473 | D:6      | Found an opulent altar of Gozag.
  6673 | D:6      | Reached XP level 9. HP: 24/43 MP: 1/18
  6861 | D:6      | Found a stormy altar of Qazlal.
  7158 | D:6      | Found a staircase to the Ecumenical Temple.
  7159 | D:6      | Noticed Sigmund
  7167 | D:6      | Killed Sigmund
  7272 | Temple   | Entered the Ecumenical Temple
  7436 | Temple   | Became a worshipper of Cheibriados the Contemplative
  8031 | D:7      | HP: 2/44 [sky beast (4)]
  8619 | D:8      | Reached * piety under Cheibriados
  8785 | D:8      | Noticed a troll
  8794 | D:8      | Killed a troll
  8795 | D:8      | Reached XP level 10. HP: 49/49 MP: 6/21
  8992 | D:4      | Killed Crazy Yiuf
  9156 | D:8      | Learned a level 5 spell: Irradiate
  9161 | D:8      | Learned a level 4 spell: Sticky Flame
  9365 | D:8      | Noticed an orange demon
  9366 | D:8      | Noticed Amaemon
  9381 | D:8      | Killed an orange demon
  9410 | D:8      | Killed Amaemon
  9411 | D:8      | Reached skill level 1 in Transmutations
  9411 | D:8      | Reached skill level 1 in Fire Magic
  9531 | D:8      | Reached ** piety under Cheibriados
  9689 | D:8      | Found a faded altar of an unknown god.
  9689 | D:8      | Found a hazy altar of Hepliaklqana.
  9694 | D:8      | Found a faded altar of an unknown god.
  9829 | D:9      | Found the Hermit's Pendant {Faith Invo=14 Evo=0 MP+5}
  9955 | D:9      | Noticed Joseph
 10042 | D:9      | Killed Joseph
 10229 | D:9      | Found an ornate altar of the Wu Jian Council.
 10240 | D:9      | Reached *** piety under Cheibriados
 10561 | D:10     | Entered Level 10 of the Dungeon
 10578 | D:10     | Found Soycaymp's Book Shop.
 10616 | D:10     | Found an ancient bone altar of Kikubaaqudgha.
 10643 | D:10     | Reached skill level 1 in Shields
 10833 | D:10     | Reached XP level 11. HP: 47/53 MP: 5/23
 10981 | D:10     | Reached skill level 1 in Invocations
 11224 | D:10     | Found a sacrificial altar of Ru.
 11380 | D:10     | Found a runed translucent door.
 11386 | D:10     | Noticed a wizard
 11406 | D:10     | Reached **** piety under Cheibriados
 11418 | D:10     | Reached skill level 1 in Evocations
 11635 | D:10     | Found Xokhiyje's Antique Armour Shoppe.
 12197 | D:11     | Noticed a death yak
 12198 | D:11     | Noticed a death yak
 12207 | D:11     | Noticed a death yak
 12244 | D:11     | Noticed a two-headed ogre
 12255 | D:11     | Killed a two-headed ogre
 12256 | D:11     | Reached skill level 5 in Stealth
 12270 | D:11     | Noticed a two-headed ogre
 12276 | D:11     | Killed a two-headed ogre
 12277 | D:11     | Reached skill level 5 in Dodging
 12425 | D:11     | Found a staircase to the Lair.
 12504 | D:11     | Noticed Nergalle
 12511 | D:11     | Killed Nergalle
 12512 | D:11     | Reached skill level 5 in Short Blades
 12951 | Lair:1   | Entered Level 1 of the Lair of Beasts
 12966 | Lair:1   | Found a frozen archway.
 12970 | IceCv    | Entered an ice cave
 13357 | IceCv    | Reached ***** piety under Cheibriados
 13991 | IceCv    | Reached skill level 5 in Fighting
 14667 | IceCv    | Noticed a bog body
 14667 | IceCv    | Noticed a bog body
 14669 | IceCv    | Killed a bog body
 14669 | IceCv    | Killed a bog body
 14670 | IceCv    | Reached skill level 5 in Translocations
 14670 | IceCv    | Reached XP level 12. HP: 60/60 MP: 24/25
 15729 | Lair:2   | Reached ****** piety under Cheibriados
 16130 | Lair:2   | Noticed a four-headed hydra
 16140 | Lair:2   | Killed a four-headed hydra
 16283 | Lair:2   | Noticed a catoblepas
 16297 | Lair:2   | Killed a catoblepas
 16298 | Lair:2   | Reached XP level 13. HP: 65/65 MP: 20/27
 16382 | Lair:2   | Noticed Zysykay's ghost (journeyman OpGl)
 16448 | Lair:2   | Found a transporter.
 16450 | Lair:2   | Found a transporter.
 16644 | Lair:2   | Reached skill level 5 in Transmutations
 16948 | Lair:3   | Reached skill level 5 in Shields
 17009 | Lair:3   | Identified a scroll of acquirement
 17012 | Lair:3   | Acquired 1115 gold pieces
 17016 | Lair:3   | Found a staircase to the Snake Pit.
 17317 | Lair:3   | Reached skill level 5 in Fire Magic
 17516 | Lair:3   | Found a staircase to the Swamp.
 17661 | Lair:4   | Found a gate leading to a gauntlet.
 17670 | Gauntlet | Entered a Gauntlet
 17670 | Gauntlet | Found a transporter.
 17670 | Gauntlet | Found a large runed translucent door.
 17670 | Gauntlet | Found a large runed translucent door.
 17670 | Gauntlet | Found a large runed translucent door.
 17670 | Gauntlet | Found a large runed translucent door.
 17670 | Gauntlet | Found a large runed translucent door.
 17670 | Gauntlet | Found a large runed translucent door.
 17670 | Gauntlet | Found a runed translucent door.
 17670 | Gauntlet | Found a runed translucent door.
 17670 | Gauntlet | Found a large runed translucent door.
 17670 | Gauntlet | Found a large runed translucent door.
 17670 | Gauntlet | Found a large runed translucent door.
 17670 | Gauntlet | Found a large runed translucent door.
 17670 | Gauntlet | Found a large runed translucent door.
 17670 | Gauntlet | Found a large runed translucent door.
 17679 | Gauntlet | Found a transporter.
 17696 | Gauntlet | Found a transporter.
 17699 | Gauntlet | Found a transporter.
 17719 | Gauntlet | Found a transporter.
 17732 | Gauntlet | Found a transporter.
 17745 | Gauntlet | Found a transporter.
 17765 | Gauntlet | Found a transporter.
 17769 | Gauntlet | Found a transporter.
 17771 | Gauntlet | Found a runed translucent gate.
 17771 | Gauntlet | Found a runed translucent gate.
 17771 | Gauntlet | Found a runed translucent gate.
 17777 | Gauntlet | Found a transporter.
 17790 | Gauntlet | Found a large runed translucent door.
 17791 | Gauntlet | Found a large runed translucent door.
 17793 | Gauntlet | Found a runed translucent gate.
 17802 | Gauntlet | Found a transporter.
 17802 | Gauntlet | Found a transporter.
 17802 | Gauntlet | Found a runed translucent gate.
 17803 | Gauntlet | Found a runed translucent gate.
 17809 | Gauntlet | Noticed a reaper
 17814 | Gauntlet | Found a large runed translucent door.
 17815 | Gauntlet | Found a large runed translucent door.
 17887 | Gauntlet | Identified the +2 helmet "Ybbucini" {+Inv}
 18161 | Gauntlet | Identified the +7 long sword of Doxkit Ogus {flame, Str+3
                  | Dex+2 Stlth+}
 18195 | Gauntlet | Noticed a minotaur
 18204 | Gauntlet | Killed a minotaur
 18228 | Gauntlet | Got Sif Muna's Directory of the Singed Swarm
 18346 | Lair:4   | Reached skill level 1 in Long Blades
 19069 | Lair:4   | Reached skill level 10 in Conjurations
 19245 | Lair:5   | Entered Level 5 of the Lair of Beasts
 19270 | Lair:5   | Reached XP level 14. HP: 70/70 MP: 14/28
 19613 | Lair:5   | Reached skill level 5 in Invocations
 19807 | Lair:5   | Reached skill level 10 in Spellcasting
 20435 | Lair:5   | Found a viscous altar of Jiyva.
 20435 | Lair:5   | Found a staircase to the Slime Pits.
 21002 | D:12     | Noticed Fannar
 21003 | D:12     | Noticed Josephine
 21007 | D:12     | Noticed Snorg
 21008 | D:12     | Killed Fannar
 21008 | D:12     | Killed Josephine
 21230 | D:12     | Killed Snorg
 21304 | D:12     | Found a staircase to the Orcish Mines.
 21508 | D:12     | Identified the +9 dagger of Patterns {venom, rC- rN+ SInv}
 21703 | D:12     | Noticed Nessos
 21710 | D:12     | Killed Nessos
 21719 | D:12     | Found a runed translucent gate.
 21719 | D:12     | Found a runed translucent gate.
 21721 | D:12     | Found a runed translucent gate.
 21722 | D:12     | Noticed Aibolit's ghost (journeyman HOFi)
 21725 | D:12     | Found an iron altar of Okawaru.
 21741 | D:12     | Acquired 356 gold pieces
 21852 | D:10     | Bought the +1 robe of Vines {NoPotionHeal Regen++++} for
                  | 2480 gold pieces
 21852 | D:10     | Found the +1 robe of Vines {NoPotionHeal Regen++++}
 22426 | D:13     | Noticed Erolcha
 22434 | D:13     | Reached XP level 15. HP: 75/75 MP: 27/30
 22438 | D:13     | Killed Erolcha
 22535 | D:13     | Found an ancient bone altar of Kikubaaqudgha.
 22980 | D:14     | Found a gate to the Vaults.
 22982 | D:14     | Noticed Rupert
 22990 | D:14     | Reached skill level 5 in Evocations
 22992 | D:14     | Killed Rupert
 23151 | D:14     | Found a burning altar of Makhleb.
 23323 | D:14     | Reached skill level 5 in Long Blades
 23637 | D:15     | Entered Level 15 of the Dungeon
 24415 | D:15     | Found Gucoaroh's Changing Room.
 24547 | D:15     | Found a staircase to the Depths.
 24555 | D:15     | Reached XP level 16. HP: 49/81 MP: 5/31
 25299 | Orc:1    | Entered Level 1 of the Orcish Mines
 25568 | Orc:1    | Found Rusoycy's General Store.
 25570 | Orc:1    | Found Payromoq's Specific Store.
 25706 | Orc:2    | Entered Level 2 of the Orcish Mines
 25715 | Orc:2    | Noticed Sonja
 25719 | Orc:2    | Killed Sonja
 26202 | Orc:2    | Found a staircase to the Elven Halls.
 26229 | Orc:2    | Found Dueptext's Antique Armour Emporium.
 26362 | Orc:2    | Found Gomyn's Antique Weapon Emporium.
 26404 | Orc:2    | Found Muis's Jewellery Emporium.
 26419 | Orc:2    | Found Xushrigeu's General Store.
 26442 | Orc:2    | Bought a +4 ring of slaying for 1092 gold pieces
 26528 | Orc:1    | Found a burning altar of Makhleb.
 26788 | Snake:1  | Entered Level 1 of the Snake Pit
 27853 | Snake:2  | Noticed a nagaraja
 27867 | Snake:2  | Killed a nagaraja
 27926 | Snake:2  | Identified the +0 chain mail of Calculation {Int+5}
 27932 | Snake:2  | Noticed a nagaraja
 27955 | Snake:2  | Found a flickering gateway to a bazaar.
 27975 | Snake:2  | Killed a nagaraja
 28011 | Bazaar   | Entered a bazaar
 28011 | Bazaar   | Found Xasirgh's General Store.
 28011 | Bazaar   | Found Waavue's General Store.
 28032 | Bazaar   | Found Difel's General Store.
 28032 | Bazaar   | Found Uhitedat's General Store.
 28058 | Bazaar   | Found Niocvint's General Store.
 28058 | Bazaar   | Found Riehe's General Store.
 28084 | Bazaar   | Found Mizif's General Store.
 28084 | Bazaar   | Found Asiwoifo's General Store.
 28111 | Snake:2  | Noticed a nagaraja
 28127 | Snake:2  | Killed a nagaraja
 28346 | Snake:2  | Noticed Jorgrun
 28357 | Snake:2  | Reached XP level 17. HP: 32/85 MP: 5/33
 28357 | Snake:2  | Killed Jorgrun
 29588 | Snake:3  | Noticed Asterion
 29820 | Snake:3  | Learned a level 4 spell: Manifold Assault
 30030 | Snake:3  | Killed Asterion
 30620 | Snake:4  | Entered Level 4 of the Snake Pit
 30771 | Snake:4  | Noticed a quicksilver dragon
 30773 | Snake:4  | Reached XP level 18. HP: 74/91 MP: 14/34
 30779 | Snake:4  | Killed a quicksilver dragon
 30806 | Snake:4  | Noticed a quicksilver dragon
 30813 | Snake:4  | Killed a quicksilver dragon
 30931 | Snake:4  | Got a serpentine rune of Zot
 31012 | Abyss:2  | Cast into level 2 of the Abyss (salamander)
 31346 | Abyss:2  | Gained mutation: You are extremely frail. (-30% HP) [a
                  | neqoxec]
 31586 | Snake:4  | Escaped the Abyss
 31602 | Snake:4  | Lost mutation: You are frail. (-10% HP) [potion of
                  | mutation]
 31602 | Snake:4  | Gained mutation: Your mind is acute. (Int +4, Str/Dex -1)
                  | [potion of mutation]
 31602 | Snake:4  | Gained mutation: You are frail. (-10% HP) [potion of
                  | mutation]
 31602 | Snake:4  | Gained mutation: Your body sometimes deteriorates upon
                  | taking damage. [potion of mutation]
 31603 | Snake:4  | Lost mutation: Your body sometimes deteriorates upon taking
                  | damage. [potion of mutation]
 31603 | Snake:4  | Lost mutation: You are frail. (-10% HP) [potion of
                  | mutation]
 31603 | Snake:4  | Gained mutation: You have large cloven feet. [potion of
                  | mutation]
 31603 | Snake:4  | Gained mutation: Armour fits poorly on your strangely
                  | shaped body. [potion of mutation]
 31716 | Snake:4  | Reached skill level 10 in Shields
 32101 | Snake:4  | Found Poptar's General Store.
 32461 | Swamp:1  | Entered Level 1 of the Swamp
 32729 | Swamp:1  | Noticed a tentacled monstrosity
 32729 | Swamp:1  | Found the +9 staff of Olgreb {rPois∞}
 32752 | Swamp:1  | Killed a tentacled monstrosity
 32805 | Swamp:1  | Noticed Donald
 32819 | Swamp:1  | Killed Donald
 32851 | Swamp:1  | Noticed Frances
 32863 | Swamp:1  | Killed Frances
 33092 | Swamp:2  | Noticed a tentacled monstrosity
 33108 | Swamp:2  | Killed a tentacled monstrosity
 34008 | Swamp:3  | Reached XP level 19. HP: 93/96 MP: 31/35
 34200 | Swamp:3  | Reached skill level 10 in Stealth
 34601 | Swamp:4  | Entered Level 4 of the Swamp
 34985 | Swamp:4  | Identified the +8 plate armour of Veuxkot {rN+}
 35003 | Swamp:4  | Got the Incunabulum of Reanimation Made Easy
 35301 | Swamp:4  | Noticed a bone dragon
 35317 | Swamp:4  | Killed a bone dragon
 35334 | Swamp:4  | Got a decaying rune of Zot
 35648 | Elf:1    | Entered Level 1 of the Elven Halls
 36207 | Elf:1    | Reached skill level 10 in Translocations
 36289 | Elf:1    | Paralysed by an air elemental for 1 turns
 36291 | Elf:1    | Paralysed by an air elemental for 1 turns
 36853 | Elf:2    | Reached XP level 20. HP: 96/101 MP: 21/37
 37154 | Elf:2    | Found Ymomim's General Store.
 37306 | Elf:2    | Found a runed translucent gate.
 37306 | Elf:2    | Found a runed translucent gate.
 37307 | Elf:2    | Found a runed translucent gate.
 37716 | Elf:3    | Entered Level 3 of the Elven Halls
 37822 | Elf:3    | Paralysed by an air elemental for 1 turns
 38277 | Elf:3    | Reached skill level 10 in Transmutations
 38894 | Elf:3    | Identified the +6 glaive "Urhoppuk" {elec, Str+6}
 38989 | Elf:3    | Identified the ring "Pesista" {rElec rPois rF+ rC+ Str-5}
 38993 | Elf:3    | Identified the +1 plate armour of Mimmoumi {Int+2}
 39138 | Elf:3    | Noticed a Tzitzimitl
 39245 | Elf:3    | Identified the ring of the Hero {rElec rC+}
 39324 | Elf:3    | Learned a level 7 spell: Orb of Destruction
 39368 | Elf:3    | Got the Discursus on Misery and Blasts
 39438 | Elf:3    | Identified the +2 plate armour "Luonen" {+Blink rCorr Str-2
                  | Slay-3}
 39734 | Vaults:1 | Entered Level 1 of the Vaults
 39747 | Vaults:1 | Reached XP level 21. HP: 36/106 MP: 38/38
 39905 | Vaults:1 | Found a crumbling gateway.
 39907 | Vaults:1 | Found a glowing silver altar of Zin.
 39907 | Vaults:1 | Found a glowing golden altar of the Shining One.
 39907 | Vaults:1 | Found a white marble altar of Elyvilon.
 39913 | Vaults:1 | Reached skill level 10 in Long Blades
 39926 | Desolati | Entered the Desolation of Salt
 39938 | Desolati | Reached skill level 10 in Fire Magic
 40023 | Desolati | Reached skill level 10 in Fighting
 40341 | Desolati | Identified the ring "Teiseck" {rPois rC+ SInv}
 40393 | Desolati | Identified the +5 flail of Vuifaroq {antimagic, rC+ Str+4}
 40485 | Desolati | Identified the +3 chain mail "Soengege" {Rampage Fly}
 40628 | Desolati | Identified the amulet of Debuzia {Spirit rPois rN+ Dex-2}
 40631 | Desolati | Identified the ring "Nost" {rPois rF- Str+5 Dex+4}
 40762 | Desolati | Reached skill level 10 in Dodging
 40762 | Desolati | Reached skill level 10 in Invocations
 40932 | Desolati | Found the +4 skin of Zhor {*Englaciate rC+++ SInv}
 41532 | Vaults:1 | Found a portal to a secret trove of treasure.
 42413 | Vaults:2 | Paralysed by a great orb of eyes for 5 turns
 42493 | Vaults:2 | Reached XP level 22. HP: 112/112 MP: 38/40
 43146 | Vaults:2 | Got the Catalogue of Blasts and Venom
 43585 | Vaults:3 | Found a staircase to the Crypt.
 43585 | Vaults:3 | Found a basalt altar of Yredelemnul.
 43586 | Vaults:3 | Found an ancient bone altar of Kikubaaqudgha.
 45111 | Vaults:4 | Reached XP level 23. HP: 118/118 MP: 39/41
 45386 | Vaults:4 | Noticed Jory
 45390 | Vaults:4 | Killed Jory
 45686 | Vaults:4 | Learned a level 4 spell: Airstrike
 45792 | Crypt:1  | Entered Level 1 of the Crypt
 46122 | Crypt:1  | Reached skill level 1 in Air Magic
 46404 | Crypt:1  | Noticed Sojobo
 46418 | Crypt:1  | Killed Sojobo
 46483 | Crypt:1  | Identified the +7 long sword of Reason {flame, rPois rF+
                  | Str-3}
 47410 | Crypt:2  | Noticed Saint Roka
 47426 | Crypt:2  | Killed Saint Roka
 47479 | Crypt:2  | Reached skill level 10 in Evocations
 47634 | Crypt:1  | Found a basalt altar of Yredelemnul.
 47684 | Crypt:3  | Entered Level 3 of the Crypt
 47882 | Crypt:3  | Identified the +1 robe of the Lost Queens {Dex+2}
 48101 | Crypt:3  | Noticed a curse toe
 48129 | Crypt:3  | Killed a curse toe
 48178 | Crypt:3  | Slain by a vampire knight

Illustrated notes

Levels and vault maps discovered:
D:1:      psy_arrival_statuary, layout_loops_ring,
          shapermc_ecumenical_altar_venn
D:2:      layout_loops_cross, nicolae_concentric_dashed_squares_wild,
          minmay_misc_feat_rows
D:3:      layout_loops_ring, serial_shops, shop_statue, minmay_close_crescents
D:4:      layout_loops_cross, uniq_crazy_yiuf_cottage, uniq_edmund, uniq_duvessa
D:5:      layout_basic
D:6:      layout_basic, mainiacjoe_overflow_large_starburst,
          minmay_temple_entry_wispy, supply_closet_lemuel, uniq_sigmund
D:7:      layout_basic
D:8:      layout_loops_ring, nicolae_hepliaklqana_ecumenical_no_more,
          uniq_amaemon
D:9:      layout_rooms, mainiacjoe_overflow_24_doors, uniq_joseph
D:10:     layout_gridville, nicolae_ru_awakened_eye,
          mainiacjoe_overflow_concentric_impassable, serial_bayou,
          serial_bayou_pond_d, serial_bayou_ford_a, serial_bayou_crossing,
          serial_bayou_pond_c, serial_shops, shop, shop_fountains,
          minmay_st_funbox
D:11:     layout_basic, dpeg_lair_monsters, uniq_nergalle
D:12:     layout_roguey, minmay_orc_entry_temple_small,
          gammafunk_ghost_fury_of_okawaru, uniq_josephine, uniq_snorg,
          uniq_fannar, uniq_nessos
D:13:     layout_rooms, lemuel_zombie_altar_kikubaaqudgha, uniq_erolcha
D:14:     layout_small_grid, david_vaults_3, lemuel_tele_altar,
          kennysheep_windowed_goal
D:15:     gammafunk_enter_depths_forms, layout_cave_pools, serial_ice,
          serial_ice_g, serial_ice_h, serial_ice_f, serial_ice_j,
          chequers_big_river, nicolae_transmutations_shop
Temple:   regret_index_temple_sphere_string
Lair:1:   layout_regular_city, portal_ice_cave_entry_pillars_1,
          chequers_serial_rivers_room_b, lemuel_fruit_tree, grunt_megastairs_5
Lair:2:   layout_roguey, gammafunk_ghost_hive, minmay_holes,
          nicolae_quartered_pool_impasse, beast_lair_carwin_11,
          infiniplex_staircase_pool_2
Lair:3:   layout_roguey, swamp_mist, minmay_snake_entry_guardpost_small
Lair:4:   layout_regular_city, gauntlet_entry_generic
Lair:5:   gammafunk_lair_ancient_temple, layout_loops_ring, slime_entry_1
Swamp:1:  cheibrodos_swamp_monstrosity, layout_basic_swamp,
          evilmike_swamp_ruin_house_2, swamp_pool1, uniq_frances, uniq_donald
Swamp:2:  layout_falls_marsh, evilmike_swamp_ruin_house_6,
          nicolae_swamp_bunyip_nook
Swamp:3:  layout_basic_swamp, nicolae_swamp_treefoil
Swamp:4:  swamp_pestilence, layout_basic_swamp, swamp_pool2,
          nicolae_swamp_necromancy_gone_wrong
Snake:1:  layout_chambers
Snake:2:  layout_chambers, serial_shops, bzr_in_the_mist,
          nicolae_triple_integral, uniq_jorgrun
Snake:3:  layout_rooms, nicolae_snake_linked_coils, guppyfry_snake_island,
          uniq_asterion
Snake:4:  hellmonk_snake_rune_quicksilver_temple, layout_gridlike, serial_shops,
          nicolae_diamond_shop
Orc:1:    layout_diamond_mine, nicolae_specific_store, bloody_makhleb
Orc:2:    grunt_orc_cross, layout_caves, uniq_sonja
Elf:1:    elf_arrival_002, layout_loops_corners,
          hangedman_elven_crosses_minicolossus
Elf:2:    elven_hall_of_blades_hangedman_original
          [nicolae_blade_entry_antechamber], layout_loops_cross, serial_shops,
          nicolae_shop_crystal, nicolae_elf_variegated_diamond
Elf:3:    nooodl_elf_gasket, layout_gridlike
Vaults:1: portal_desolation_entry_holy_temple, nicolae_vaults_little_squares_4,
          v_misc_15, nicolae_vaults_what_the_h, v_misc_33,
          nicolae_vaults_little_squares_2, grunt_vaults_diagonal,
          v_alt_pattern_2, ontoclasm_vaults_loading_screen,
          nicolae_vaults_display_case, dpeg_vaults_monster_row,
          ontoclasm_vaults_loading_screen, v_pattern_2, layout_vaults_ring,
          nicolae_trove_entry_crossroad
Vaults:2: v_pattern_4, hangedman_vaults_nodes, ontoclasm_vaults_ring_large,
          vaults_room_grunt_arrival_checkpoint, ontoclasm_vaults_chip,
          v_misc_26, nicolae_vaults_alarming, nicolae_vaults_circle_grid_a,
          nicolae_vaults_circle_grid_b, nicolae_vaults_ring_of_whatevers,
          vaults_room_pools, nicolae_vaults_little_squares_6,
          ontoclasm_vaults_idyll, nicolae_vaults_gold_heap,
          nicolae_vaults_an_arrangement, layout_vaults_maze
Vaults:3: minmay_crypt_entry_necro_gods, v_pattern_5, v_misc_1,
          ontoclasm_vaults_ring_large, v_misc_2, v_rooms_3, serial_ice_b,
          nicolae_vaults_little_squares_5, v_rooms_1, v_misc_9,
          ontoclasm_vaults_ring_square, layout_vaults_omnibox
Vaults:4: v_rooms_6, v_pattern_1, grunt_vaults_focal, ontoclasm_vaults_shuriken,
          nicolae_vaults_windows_and_doors_thing, hangedman_vaults_unwind,
          vaults_dpeg_hooks, vaults_room_grunt_arrival_ludios, v_misc_28,
          grunt_vaults_hallway_short, layout_vaults_omnicross, uniq_jory
Crypt:1:  layout_catacombs, grunt_ministairs_11, grunt_megastairs_1,
          lemuel_upstairs_altar, uniq_sojobo
Crypt:2:  layout_catacombs, uniq_saint_roka
Crypt:3:  david_glass_crypt, layout_misc_corridors, tomb_entry_simple_bobbens,
          amcnicky_mini_corridor_feature, grunt_ministairs_13

Skill      XL: |  1  2  3  4  5  6  7  8  9 10 11 12 13 14 15 16 17 18 19 20 21 22 23 |
---------------+----------------------------------------------------------------------+-----
Short Blades   | 1 2 3 4 5 6 7 8 9 |  9.0
Fighting       | 1 2 3 4 5 6 7 8 9 10 11 | 11.5
Dodging        | 2 3 4 5 6 7 8 9 10 11 | 11.0
Stealth        | 3 4 5 6 7 8 9 10 11 12 13 | 13.1
Conjurations   | 5 6 7 8 9 10 11 12 13 14 | 14.1
Spellcasting   | 3 4 5 6 7 8 9 10 11 12 13 14 | 14.3
Armour         | 1 2 3 4 |  4.3
Translocations | 1 2 3 4 5 6 7 8 9 10 11 | 11.3
Transmutations | 2 4 5 6 7 8 9 10 11 | 11.6
Fire Magic     | 2 3 4 5 6 7 8 9 10 11 | 11.3
Shields        | 2 3 4 6 7 8 9 10 11 12 13 | 13.4
Invocations    | 2 3 4 5 6 7 8 9 10 11 | 11.2
Evocations     | 2 3 4 5 6 7 8 9 10 | 10.1
Long Blades    | 2 4 5 6 7 8 9 11 12 | 12.5
Air Magic      | 2 |  2.8
Throwing       | |  0.1
Unarmed Combat | |  0.4

Action                   |  1- 3 |  4- 6 |  7- 9 | 10-12 | 13-15 | 16-18 | 19-21 | 22-24 || total
-------------------------+-------+-------+-------+-------+-------+-------+-------+-------++-------
Melee: Unarmed           |     3 |       |       |       |       |       |       |       ||     3
       Bite              |     7 |    13 |    25 |   151 |   309 |   385 |   341 |   391 ||  1622
       Dagger            |    40 |    48 |    66 |   285 |   183 |    78 |    23 |       ||   723
       Punch             |     1 |     1 |     1 |       |       |       |       |       ||     3
       Long sword        |       |       |       |       |   512 |   838 |   488 |       ||  1838
       Katana            |       |       |       |       |       |       |   456 |  1076 ||  1532
Throw: Dart              |       |       |       |     1 |     1 |       |       |       ||     2
       Javelin           |       |       |       |       |     3 |       |       |       ||     3
       Throwing net      |       |       |       |       |     1 |       |       |       ||     1
 Cast: Magic Dart        |    42 |    11 |   118 |   114 |    20 |     3 |       |       ||   308
       Searing Ray       |     4 |    12 |    46 |    59 |     9 |     2 |       |       ||   132
       Iskenderun's Myst |       |       |     6 |    73 |    83 |    52 |    45 |    12 ||   271
       Irradiate         |       |       |       |     3 |     3 |    49 |    39 |    12 ||   106
       Sticky Flame      |       |       |       |    11 |    34 |    19 |     7 |     1 ||    72
       Manifold Assault  |       |       |       |       |       |    26 |   105 |    57 ||   188
       Orb of Destructio |       |       |       |       |       |       |     7 |    19 ||    26
       Airstrike         |       |       |       |       |       |       |       |     1 ||     1
Invok: Slouch            |       |       |       |     1 |    18 |    11 |    16 |    12 ||    58
       Bend Time         |       |       |       |       |       |     1 |       |       ||     1
Evoke: Wand              |       |       |     2 |    19 |    24 |    24 |     6 |       ||    75
       Box of beasts     |       |       |       |     1 |     2 |     2 |     2 |       ||     7
       Lightning rod     |       |       |       |       |     6 |       |     2 |       ||     8
       Condenser vane    |       |       |       |       |     3 |     3 |     4 |     1 ||    11
  Use: Scroll            |       |       |    14 |    17 |    12 |     9 |     7 |       ||    59
       Potion            |       |       |       |       |       |     2 |     1 |     2 ||     5
 Stab: Sleeping          |     2 |     3 |       |     4 |    21 |    25 |    40 |    22 ||   117
       Distracted        |       |     1 |       |     2 |     3 |     7 |     3 |       ||    16
       Paralysed         |       |       |     1 |       |       |       |       |       ||     1
       Confused          |       |       |       |       |     1 |       |       |       ||     1
Armor: Robe              |     5 |       |       |       |   112 |   203 |   169 |    81 ||   570
       Leather armour    |     6 |    21 |       |       |       |       |       |       ||    27
       Ring mail         |       |       |    50 |       |       |       |       |       ||    50
       Troll leather arm |       |       |       |    86 |   121 |       |       |       ||   207
Dodge: Dodged            |    25 |    35 |    77 |   194 |   331 |   548 |   503 |   286 ||  1999
Block: Buckler           |       |       |       |    48 |       |       |       |       ||    48
       Tower shield      |       |       |       |   152 |   989 |  1306 |   937 |   825 ||  4209
       Reflection        |       |       |       |       |       |    87 |    88 |    28 ||   203

Table legend: (Time is in decaauts)
 A = Elapsed time spent in this place.
 B = Non-inter-level travel time spent in this place.
 C = Inter-level travel time spent in this place.
 D = Time resting spent in this place.
 E = Time spent auto-exploring this place.
 F = Levels seen in this place.
 G = Mean time per level.
                   A        B        C        D        E       F      G
               +--------+--------+--------+--------+--------+-----+--------+
         Total |  72115 |  67217 |   4898 |   5259 |  47554 |  46 | 1567.7 |
       Dungeon |  22036 |  20008 |   2028 |   1929 |  14765 |  15 | 1469.1 |
        Temple |    181 |    166 |     15 |      0 |    148 |   1 |  181.0 |
          Lair |   8621 |   7979 |    642 |    221 |   6005 |   5 | 1724.2 |
         Swamp |   5525 |   5128 |    397 |    169 |   3420 |   4 | 1381.2 |
     Snake Pit |   8887 |   8404 |    483 |    251 |   6394 |   4 | 2221.8 |
  Orcish Mines |   2458 |   2183 |    275 |    149 |   1630 |   2 | 1229.0 |
   Elven Halls |   6453 |   6128 |    325 |    627 |   4036 |   3 | 2151.0 |
        Vaults |   7977 |   7505 |    472 |    278 |   5710 |   4 | 1994.2 |
         Crypt |   4142 |   3885 |    257 |     42 |   3021 |   3 | 1380.7 |
         Abyss |    897 |    897 |      0 |     83 |    404 |   1 |  897.0 |
        Bazaar |    175 |    175 |      0 |      0 |    144 |   1 |  175.0 |
      Ice Cave |   2213 |   2213 |      0 |    866 |    800 |   1 | 2213.0 |
    Desolation |   1602 |   1602 |      0 |    396 |    689 |   1 | 1602.0 |
      Gauntlet |    942 |    942 |      0 |    247 |    382 |   1 |  942.0 |
               +--------+--------+--------+--------+--------+-----+--------+

Top non-repeatable levels by time:
 Snake:2: 2919 daAuts
    D:10: 2318 daAuts
   Elf:3: 2308 daAuts
    D:11: 2259 daAuts
   IceCv: 2213 daAuts
Vaults:1: 2192 daAuts
Vaults:4: 2117 daAuts
 Snake:1: 2089 daAuts
   Elf:1: 2082 daAuts
 Snake:4: 2082 daAuts
   Elf:2: 2063 daAuts
     D:4: 2009 daAuts
  Lair:5: 1970 daAuts
  Lair:2: 1959 daAuts
Vaults:2: 1914 daAuts
